[Event "Athens of East GM-Open 2019"]
[Site "Madurai"]
[Date "2019.08.11"]
[Round "1.1"]
[White "Koustuv Dash"]
[Black "Gupta, Abhijeet"]
[Result "0-1"]
[ECO "D73"]
[WhiteElo "1846"]
[BlackElo "2603"]
[Annotator "RC"]
[PlyCount "74"]
[EventDate "2019.08.11"]
[EventType "swiss"]
[EventCountry "IND"]
[SourceTitle "playchess.com"]
[Source "ChessBase"]
[SourceQuality "1"]
[TimeControl "5400+30"]

1. d4 Nf6 2. c4 g6 3. Nf3 Bg7 4. g3 d5 5. Bg2 dxc4 6. Na3 c5 7. Nxc4 Nc6 8. dxc5 Qxd1+ 9. Kxd1 Be6 10. Nfe5 O-O-O+ 11. Bd2 Rd4 12. Rc1 Rhd8 13. Bxc6 bxc6 14. e3 Rxd2+ 15. Nxd2 Ne4 16. Rc2 Bxe5 17. Ke2 Nxd2 18. Rxd2 Bc4+ 19. Kd1 Bxb2 20. Rxd8+ Kxd8 21. Kc2 Ba3 22. Rd1+ Kc7 23. Kc3 Be6 24. Rd2 Bxc5 25. e4 a5 26. Rc2 a4 27. Kb2 a3+ 28. Kb1 Bd4 29. Rd2 Bb2 30. f3 c5 31. f4 f5 32. e5 c4 33. h4 h5 34. Rc2 Bd5 35. g4 Be4 36. gxh5 gxh5 37. e6 Bxc2+ 0-1

[Event "Athens of East GM-Open 2019"]
[Site "Madurai"]
[Date "2019.08.11"]
[Round "1.2"]
[White "Savchenko, Boris"]
[Black "Chilukuri Sai Varshith"]
[Result "1-0"]
[ECO "B38"]
[WhiteElo "2576"]
[BlackElo "1804"]
[Annotator "ChessBase"]
[PlyCount "79"]
[EventDate "2019.08.11"]
[EventType "swiss"]
[EventCountry "IND"]
[SourceTitle "playchess.com"]
[Source "ChessBase"]
[SourceQuality "1"]
[TimeControl "5400+30"]

1. e4 c5 2. Nf3 Nc6 3. d4 cxd4 4. Nxd4 g6 5. c4 Bg7 6. Be3 Nf6 7. Nc3 O-O 8. Be2 d6 9. O-O Bd7 10. Qd2 Nxd4 11. Bxd4 Bc6 12. f3 a5 13. b3 Nd7 14. Be3 Nc5 15. Rac1 Qb6 16. Nb5 Rfc8 17. Rfd1 Bxb5 18. cxb5 Qd8 19. Bc4 Qe8 20. a4 b6 21. Bd5 Rab8 22. Rc4 Rd8 23. Bc6 Qf8 24. Qc2 e6 25. Bg5 f5 26. exf5 gxf5 27. Bxd8 Rxd8 28. b4 axb4 29. Rxb4 d5 30. Rbb1 Qd6 31. Kh1 d4 32. Qa2 d3 33. a5 bxa5 34. Qxa5 Be5 35. g3 d2 36. Qb4 f4 37. g4 Qd4 38. Qxd4 Rxd4 39. b6 Rd8 40. Rb5 1-0

[Event "Athens of East GM-Open 2019"]
[Site "Madurai"]
[Date "2019.08.11"]
[Round "1.3"]
[White "Soundarya Kumar Pradhan"]
[Black "Smirnov, Pavel"]
[Result "0-1"]
[ECO "D35"]
[WhiteElo "1837"]
[BlackElo "2574"]
[Annotator "ChessBase"]
[PlyCount "34"]
[EventDate "2019.08.11"]
[EventType "swiss"]
[EventCountry "IND"]
[SourceTitle "playchess.com"]
[Source "ChessBase"]
[SourceQuality "1"]
[TimeControl "5400+30"]

1. d4 Nf6 2. c4 c6 3. Nf3 d5 4. Nc3 e6 5. cxd5 exd5 6. Bg5 h6 7. Bxf6 Qxf6 8. e3 Bd6 9. h3 Bf5 10. Bd3 Nd7 11. Bxf5 Qxf5 12. Rb1 Qe6 13. O-O O-O 14. b4 a6 15. Qa4 Qe7 16. Nxd5 cxd5 17. Qa5 Nb8 0-1

[Event "Athens of East GM-Open 2019"]
[Site "Madurai"]
[Date "2019.08.11"]
[Round "1.4"]
[White "Tukhaev, Adam"]
[Black "Godson Merlin E"]
[Result "1-0"]
[ECO "B22"]
[WhiteElo "2541"]
[BlackElo "1828"]
[Annotator "ChessBase"]
[PlyCount "105"]
[EventDate "2019.08.11"]
[EventType "swiss"]
[EventCountry "IND"]
[SourceTitle "playchess.com"]
[Source "ChessBase"]
[SourceQuality "1"]
[TimeControl "5400+30"]

1. e4 c5 2. Nf3 a6 3. c3 d5 4. exd5 Qxd5 5. d4 Nf6 6. Be2 cxd4 7. cxd4 e6 8. Nc3 Qd6 9. O-O Be7 10. Bg5 O-O 11. Rc1 Nc6 12. Qd2 Nd5 13. Be3 Bd7 14. Ne4 Qb4 15. Qc2 Nxe3 16. fxe3 Rac8 17. a3 Qa5 18. Qb3 Qd5 19. Qxd5 exd5 20. Nc5 Bxc5 21. Rxc5 Ne7 22. Rfc1 Be6 23. Bd3 f6 24. Rc7 Rfe8 25. Kf2 Nf5 26. Ng1 Nd6 27. Ne2 Rxc7 28. Rxc7 Rc8 29. Rc5 g5 30. Nc3 Rxc5 31. dxc5 Nc8 32. e4 dxe4 33. Bxe4 b6 34. Bb7 bxc5 35. Ne4 Kf7 36. Bxc8 Bxc8 37. Nd6+ Ke6 38. Nxc8 Kd7 39. Nb6+ Kc6 40. Nc4 Kd5 41. Nd2 Kd4 42. Ke2 g4 43. Nb3+ Kd5 44. Ke3 h5 45. g3 f5 46. Kf4 Kc4 47. Nc1 Kd4 48. Kxf5 Ke3 49. Nb3 c4 50. Nc5 Kd2 51. Nxa6 Kc2 52. a4 Kxb2 53. a5 1-0

[Event "Athens of East GM-Open 2019"]
[Site "Madurai"]
[Date "2019.08.11"]
[Round "1.6"]
[White "Mosadeghpour, Masoud"]
[Black "Rakshith Srinivasan"]
[Result "1-0"]
[ECO "C01"]
[WhiteElo "2494"]
[BlackElo "1889"]
[Annotator "ChessBase"]
[PlyCount "61"]
[EventDate "2019.08.11"]
[EventType "swiss"]
[EventCountry "IND"]
[SourceTitle "playchess.com"]
[Source "ChessBase"]
[SourceQuality "1"]
[TimeControl "5400+30"]

1. e4 e6 2. d4 d5 3. Nc3 Bb4 4. exd5 exd5 5. Bd3 Nf6 6. a3 Bxc3+ 7. bxc3 O-O 8. Ne2 b6 9. O-O Ba6 10. Ng3 Bxd3 11. cxd3 Re8 12. Qf3 Nbd7 13. Nf5 g6 14. Nh6+ Kg7 15. Bg5 Qe7 16. g4 c6 17. Qf4 Qe6 18. Kg2 c5 19. Rae1 Qc6 20. Bh4 Rf8 21. Re7 Ng8 22. Rxf7+ Kh8 23. Re1 g5 24. Bxg5 Qg6 25. Rxf8 Rxf8 26. Nf5 h6 27. Bh4 h5 28. h3 Ndf6 29. f3 Kh7 30. Ne7 Qg7 31. Qf5+ 1-0

[Event "Athens of East GM-Open 2019"]
[Site "Madurai"]
[Date "2019.08.11"]
[Round "1.7"]
[White "Suganthan S"]
[Black "Vasquez Schroeder, Rodrigo"]
[Result "0-1"]
[ECO "B25"]
[WhiteElo "1740"]
[BlackElo "2496"]
[Annotator "ChessBase"]
[PlyCount "80"]
[EventDate "2019.08.11"]
[EventType "swiss"]
[EventCountry "IND"]
[SourceTitle "playchess.com"]
[Source "ChessBase"]
[SourceQuality "1"]
[TimeControl "5400+30"]

1. e4 c5 2. Nc3 Nc6 3. g3 g6 4. Bg2 Bg7 5. d3 d6 6. f4 b6 7. Nf3 Bb7 8. Be3 Nd4 9. O-O Qd7 10. Rb1 e6 11. Ne2 Nxf3+ 12. Bxf3 f5 13. c4 Nf6 14. Nc3 O-O 15. h3 Rad8 16. Qe2 Bc6 17. Rbd1 Qb7 18. Qg2 a6 19. a4 h5 20. exf5 Bxf3 21. Qxf3 Qxf3 22. Rxf3 gxf5 23. d4 h4 24. gxh4 Kf7 25. Rf2 Nh5 26. dxc5 bxc5 27. Rfd2 Rg8 28. Kh2 Rb8 29. Rg1 Bf6 30. a5 Rb4 31. Na2 Rb3 32. Bf2 Rxg1 33. Kxg1 Nxf4 34. Kf1 Rxh3 35. b4 cxb4 36. Rxd6 b3 37. Nb4 b2 38. Rd1 Rh1+ 39. Bg1 b1=Q 40. Rxb1 Bd4 0-1

[Event "Athens of East GM-Open 2019"]
[Site "Madurai"]
[Date "2019.08.11"]
[Round "1.8"]
[White "Venkatesh, M.R."]
[Black "Aravind P V S"]
[Result "1-0"]
[ECO "B02"]
[WhiteElo "2480"]
[BlackElo "1806"]
[Annotator "ChessBase"]
[PlyCount "47"]
[EventDate "2019.08.11"]
[EventType "swiss"]
[EventCountry "IND"]
[SourceTitle "playchess.com"]
[Source "ChessBase"]
[SourceQuality "1"]
[TimeControl "5400+30"]

1. e4 d5 2. exd5 Nf6 3. Nc3 Nxd5 4. Nf3 Bf5 5. Bc4 e6 6. O-O Nb6 7. Bb5+ c6 8. Be2 N8d7 9. d4 Qc7 10. Bd3 Bxd3 11. Qxd3 Be7 12. Ne4 Rd8 13. a4 a5 14. c4 O-O 15. Qb3 Nf6 16. Re1 Nxe4 17. Rxe4 c5 18. Bf4 Bd6 19. dxc5 Qxc5 20. Be3 Qf5 21. Rd4 Bc5 22. Rf4 Rd3 23. Rxf5 Rxb3 24. Rxc5 1-0

[Event "Athens of East GM-Open 2019"]
[Site "Madurai"]
[Date "2019.08.11"]
[Round "1.9"]
[White "Shyam Kumar M"]
[Black "Shyaamnikhil P"]
[Result "0-1"]
[ECO "E20"]
[WhiteElo "1846"]
[BlackElo "2456"]
[Annotator "ChessBase"]
[PlyCount "66"]
[EventDate "2019.08.11"]
[EventType "swiss"]
[EventCountry "IND"]
[SourceTitle "playchess.com"]
[Source "ChessBase"]
[SourceQuality "1"]
[TimeControl "5400+30"]

1. d4 Nf6 2. c4 b6 3. Nc3 Bb7 4. Nf3 e6 5. g3 Bb4 6. Bg2 c5 7. e3 Nc6 8. O-O Bxc3 9. bxc3 Na5 10. Nd2 Bxg2 11. Kxg2 Qc7 12. Qa4 O-O 13. Ba3 Rfc8 14. Rfc1 Ne8 15. Nb3 Qc6+ 16. Qxc6 Nxc6 17. dxc5 Ne5 18. cxb6 axb6 19. Bb4 Nxc4 20. a4 Nf6 21. a5 bxa5 22. Nxa5 Nxa5 23. Rxa5 Rxa5 24. Bxa5 Ra8 25. Bb4 Ra2 26. Rd1 h5 27. c4 Rc2 28. Be7 Ng4 29. Rxd7 Nxe3+ 30. Kf3 Nxc4 31. Rd8+ Kh7 32. h3 f5 33. Bb4 Ne5+ 0-1

[Event "Athens of East GM-Open 2019"]
[Site "Madurai"]
[Date "2019.08.11"]
[Round "1.10"]
[White "Khusenkhojaev, Muhammad"]
[Black "Krithigga K"]
[Result "1-0"]
[ECO "E11"]
[WhiteElo "2441"]
[BlackElo "1793"]
[Annotator "NA"]
[PlyCount "105"]
[EventDate "2019.08.11"]
[EventType "swiss"]
[EventCountry "IND"]
[SourceTitle "playchess.com"]
[Source "ChessBase"]
[SourceQuality "1"]
[TimeControl "5400+30"]

1. Nf3 d5 2. d4 Nf6 3. c4 e6 4. g3 Bb4+ 5. Bd2 Be7 6. Bg2 O-O 7. O-O c6 8. Qc2 b6 9. Rd1 Bb7 10. b3 Nbd7 11. Nc3 Rc8 12. e4 Nxe4 13. Nxe4 dxe4 14. Qxe4 Bf6 15. Rac1 Qe7 16. Be3 Rfd8 17. c5 g6 18. b4 Bg7 19. Bg5 f6 20. Bf4 Qf7 21. Qc2 b5 22. a4 a6 23. Ra1 Ra8 24. Ra3 g5 25. Be3 g4 26. Nd2 f5 27. Nb3 Nf6 28. Bg5 Rd7 29. Bxf6 Bxf6 30. Na5 Rc8 31. axb5 axb5 32. Nxb7 Rxb7 33. Qa2 Rd7 34. Ra8 Rdd8 35. Rxc8 Rxc8 36. Bxc6 Rd8 37. d5 f4 38. d6 fxg3 39. hxg3 h5 40. Bxb5 h4 41. Bc4 Qh5 42. Bxe6+ Kh8 43. Qd5 Bg5 44. Qd4+ Kh7 45. Qxg4 Qh6 46. Kg2 Re8 47. Bf7 Rf8 48. Qh5 h3+ 49. Kxh3 Rxf7 50. Qxh6+ Kxh6 51. f4 Bd8 52. c6 Kg6 53. Rc1 1-0

[Event "Athens of East GM-Open 2019"]
[Site "Madurai"]
[Date "2019.08.11"]
[Round "1.11"]
[White "Bhagyashree Patil"]
[Black "Karthikeyan, P.."]
[Result "1/2-1/2"]
[ECO "B59"]
[WhiteElo "1703"]
[BlackElo "2415"]
[Annotator "NA"]
[PlyCount "163"]
[EventDate "2019.08.11"]
[EventType "swiss"]
[EventCountry "IND"]
[SourceTitle "playchess.com"]
[Source "ChessBase"]
[SourceQuality "1"]
[TimeControl "5400+30"]

1. e4 c5 2. Nf3 d6 3. d4 cxd4 4. Nxd4 Nf6 5. Nc3 Nc6 6. Be2 e5 7. Nb3 Be7 8. O-O a5 9. a4 Be6 10. Be3 O-O 11. Nd2 Rc8 12. Nc4 Nd4 13. Bxd4 Bxc4 14. Be3 Be6 15. f3 d5 16. exd5 Rxc3 17. bxc3 Nxd5 18. Bd2 Bg5 19. Rb1 Qe7 20. Kh1 Rc8 21. c4 Nf4 22. Re1 Bh4 23. Bxa5 Bxe1 24. Qxe1 Nxe2 25. Qxe2 Bxc4 26. Qe4 Ba6 27. Bb4 Qc7 28. Re1 f6 29. Qd5+ Qf7 30. Qd6 h6 31. c3 Qe8 32. Rd1 Kh7 33. Qd7 Qxd7 34. Rxd7 h5 35. h4 Kh6 36. Kg1 g5 37. hxg5+ Kxg5 38. Kf2 h4 39. Rg7+ Kf5 40. Rh7 Rc4 41. Ke3 Kg6 42. Rh8 Kg7 43. Rd8 Kg6 44. Rh8 Kf5 45. Rh7 Rf4 46. Rh8 Bf1 47. Kf2 Bc4 48. Rd8 Kg6 49. Rd7 Ba6 50. Ke3 Rc4 51. Kf2 Rc8 52. Kg1 Rc4 53. Kf2 Rf4 54. Rd8 Kf5 55. Rd7 Rc4 56. Rh7 Kg6 57. Rh8 Kg7 58. Rd8 Rf4 59. Rd7+ Kg6 60. Ke3 h3 61. g3 Rd4 62. Rxd4 exd4+ 63. Kf2 d3 64. c4 Bxc4 65. g4 Bd5 66. Kg3 h2 67. Kxh2 Bxf3 68. Kg3 Bd1 69. a5 Kf7 70. Kf4 Ke6 71. Bc3 Be2 72. g5 fxg5+ 73. Kxg5 Kd5 74. Kf4 Kc4 75. Bd2 Kd4 76. Be1 Bh5 77. Bd2 Be8 78. Be1 Bb5 79. Bd2 Kc4 80. Ke3 Kb3 81. Kf2 Kc2 82. Ke1 1/2-1/2

[Event "Athens of East GM-Open 2019"]
[Site "Madurai"]
[Date "2019.08.11"]
[Round "1.12"]
[White "Das, Sayantan"]
[Black "Subramanian, R M"]
[Result "1-0"]
[ECO "A27"]
[WhiteElo "2409"]
[BlackElo "1790"]
[Annotator "NA"]
[PlyCount "57"]
[EventDate "2019.08.11"]
[EventType "swiss"]
[EventCountry "IND"]
[SourceTitle "playchess.com"]
[Source "ChessBase"]
[SourceQuality "1"]
[TimeControl "5400+30"]

1. c4 e5 2. Nc3 Nc6 3. Nf3 f5 4. d4 e4 5. Ng5 Bb4 6. Bf4 Qf6 7. e3 Bxc3+ 8. bxc3 d6 9. c5 dxc5 10. Bc4 Nge7 11. h4 Bd7 12. Nf7 Na5 13. Bg5 Qc6 14. d5 Qb6 15. Rb1 Kxf7 16. Rxb6 axb6 17. Be2 Nc8 18. Bf4 Nd6 19. Bxd6 cxd6 20. Qb1 c4 21. g4 Rhe8 22. gxf5 Bxf5 23. Rg1 Re5 24. Qxb6 Ra6 25. Qc7+ Re7 26. Rxg7+ Kxg7 27. Qxe7+ Kg8 28. Bh5 Bg6 29. Bg4 1-0

[Event "Athens of East GM-Open 2019"]
[Site "Madurai"]
[Date "2019.08.11"]
[Round "1.13"]
[White "Aravinth Shanmugam S"]
[Black "Harshavardhan G B"]
[Result "0-1"]
[ECO "B40"]
[WhiteElo "1788"]
[BlackElo "2391"]
[Annotator "NA"]
[PlyCount "54"]
[EventDate "2019.08.11"]
[EventType "swiss"]
[EventCountry "IND"]
[SourceTitle "playchess.com"]
[Source "ChessBase"]
[SourceQuality "1"]
[TimeControl "5400+30"]

1. e4 c5 2. Nf3 e6 3. Nc3 a6 4. g3 b5 5. Bg2 Bb7 6. d3 d6 7. O-O Nf6 8. a3 Be7 9. Be3 O-O 10. Ne1 Nc6 11. d4 cxd4 12. Bxd4 Nxd4 13. Qxd4 Nd7 14. Rd1 Qb6 15. Nf3 Rfc8 16. Rfe1 Qxd4 17. Rxd4 Nb6 18. e5 Bxf3 19. Bxf3 dxe5 20. Rd3 Rab8 21. Kg2 Rc7 22. Re2 Nc4 23. Nd1 f5 24. b3 e4 25. Bxe4 fxe4 26. Rxe4 Nxa3 27. Rxe6 Nxc2 0-1

[Event "Athens of East GM-Open 2019"]
[Site "Madurai"]
[Date "2019.08.11"]
[Round "1.14"]
[White "Muthaiah AL"]
[Black "Alalwan, Sajjad Abbas Khudhai"]
[Result "1-0"]
[ECO "D40"]
[WhiteElo "2384"]
[BlackElo "1784"]
[Annotator "NA"]
[PlyCount "33"]
[EventDate "2019.08.11"]
[EventType "swiss"]
[EventCountry "IND"]
[SourceTitle "playchess.com"]
[Source "ChessBase"]
[SourceQuality "1"]
[TimeControl "5400+30"]

1. c4 Nf6 2. Nc3 c5 3. e3 e6 4. Nf3 Nc6 5. d4 d5 6. a3 b6 7. cxd5 exd5 8. Bb5 Bd7 9. Ne5 Nxe5 10. dxe5 Bxb5 11. Nxb5 a6 12. Nc3 d4 13. exf6 dxc3 14. Qa4+ b5 15. Qe4+ Kd7 16. fxg7 Bxg7 17. Qg4+ 1-0

[Event "Athens of East GM-Open 2019"]
[Site "Madurai"]
[Date "2019.08.11"]
[Round "1.15"]
[White "Babul, Mollick"]
[Black "Konguvel, Ponnuswamy"]
[Result "0-1"]
[ECO "B20"]
[WhiteElo "1783"]
[BlackElo "2343"]
[Annotator "NA"]
[PlyCount "36"]
[EventDate "2019.08.11"]
[EventType "swiss"]
[EventCountry "IND"]
[SourceTitle "playchess.com"]
[Source "ChessBase"]
[SourceQuality "1"]
[TimeControl "5400+30"]

1. e4 c5 2. Bc4 Nc6 3. Nf3 e6 4. Nc3 a6 5. a4 Nf6 6. d4 d5 7. exd5 exd5 8. Be2 Be7 9. O-O O-O 10. h3 Bf5 11. Bg5 h6 12. Bh4 Re8 13. Rc1 g5 14. Bg3 Ne4 15. Bh2 cxd4 16. Nxd4 Nxd4 17. Qxd4 Bf6 18. Qxd5 Nxc3 0-1

[Event "Athens of East GM-Open 2019"]
[Site "Madurai"]
[Date "2019.08.11"]
[Round "1.16"]
[White "Rajesh, V A V"]
[Black "Sai Kiran Y"]
[Result "1-0"]
[ECO "D36"]
[WhiteElo "2368"]
[BlackElo "1780"]
[Annotator "NA"]
[PlyCount "103"]
[EventDate "2019.08.11"]
[EventType "swiss"]
[EventCountry "IND"]
[SourceTitle "playchess.com"]
[Source "ChessBase"]
[SourceQuality "1"]
[TimeControl "5400+30"]

1. d4 Nf6 2. c4 e6 3. Nc3 d5 4. cxd5 exd5 5. Bg5 Be7 6. e3 O-O 7. Bd3 Nbd7 8. Qc2 Re8 9. Nge2 c6 10. O-O h6 11. Bh4 Ne4 12. Bxe7 Qxe7 13. b4 Ndf6 14. b5 Ng4 15. Bxe4 dxe4 16. h3 Nf6 17. bxc6 bxc6 18. Na4 Ba6 19. Nc5 Bxe2 20. Qxe2 Nd5 21. Qa6 Rad8 22. Qxc6 Rd6 23. Qb5 Red8 24. Qb7 Qh4 25. Kh2 f5 26. g3 Qh5 27. Qb3 Rg6 28. Qd1 Qg5 29. Qe2 Kh7 30. Rac1 Re8 31. Rg1 Rb8 32. Nd7 Rd8 33. Ne5 Nb4 34. a3 Nd3 35. Nxd3 exd3 36. Qxd3 h5 37. Rc5 Rf8 38. h4 Qg4 39. Qd1 Qe4 40. Re5 Qb7 41. Qxh5+ Rh6 42. Qg5 Qb2 43. Rxf5 Rg6 44. Qh5+ Rh6 45. Qg4 Rhf6 46. Rxf6 Rxf6 47. Rg2 Qxa3 48. Qe4+ Kg8 49. f4 Rb6 50. Kh3 a5 51. Rc2 Rb8 52. Qe6+ 1-0

[Event "Athens of East GM-Open 2019"]
[Site "Madurai"]
[Date "2019.08.11"]
[Round "1.17"]
[White "Harshit Ranjan Sahu"]
[Black "Raja Rithvik R"]
[Result "0-1"]
[ECO "B23"]
[WhiteElo "1778"]
[BlackElo "2357"]
[Annotator "NA"]
[PlyCount "52"]
[EventDate "2019.08.11"]
[EventType "swiss"]
[EventCountry "IND"]
[SourceTitle "playchess.com"]
[Source "ChessBase"]
[SourceQuality "1"]
[TimeControl "5400+30"]

1. e4 c5 2. Nc3 Nc6 3. f4 g6 4. Nf3 Bg7 5. Bc4 e6 6. O-O Nge7 7. Qe1 O-O 8. d3 d5 9. Bb3 Na5 10. Qh4 Nec6 11. Ng5 h6 12. f5 Nxb3 13. f6 Nxc1 14. fxg7 Kxg7 15. Rxf7+ Rxf7 16. Qxh6+ Kxh6 17. Nxf7+ Kg7 18. Nxd8 Nxd8 19. Rxc1 d4 20. Ne2 e5 21. c3 Nc6 22. cxd4 cxd4 23. a3 Bg4 24. Ng3 Rc8 25. Rc5 b6 26. Rd5 Be6 0-1

[Event "Athens of East GM-Open 2019"]
[Site "Madurai"]
[Date "2019.08.11"]
[Round "1.18"]
[White "Nitin, S.."]
[Black "Dangi, Mani Raj"]
[Result "1-0"]
[ECO "B90"]
[WhiteElo "2385"]
[BlackElo "1777"]
[Annotator "NA"]
[PlyCount "73"]
[EventDate "2019.08.11"]
[EventType "swiss"]
[EventCountry "IND"]
[SourceTitle "playchess.com"]
[Source "ChessBase"]
[SourceQuality "1"]
[TimeControl "5400+30"]

1. e4 c5 2. Nf3 d6 3. d4 cxd4 4. Nxd4 Nc6 5. Nc3 Nf6 6. f3 a6 7. Be3 e5 8. Nb3 Be6 9. Nd5 Bxd5 10. exd5 Na5 11. Be2 Rc8 12. O-O Nc4 13. Bxc4 Rxc4 14. Qd2 b6 15. Qd3 b5 16. Nd2 Rh4 17. Bf2 Nh5 18. Bxh4 Qxh4 19. a4 Nf4 20. Qe4 g6 21. axb5 f5 22. Qe1 Qg5 23. g3 Be7 24. bxa6 O-O 25. a7 Ra8 26. Nc4 Bd8 27. Kh1 Nxd5 28. Qd1 Ne7 29. Qxd6 f4 30. Qe6+ Kf8 31. Nxe5 Qf5 32. Qxf5+ gxf5 33. Rfd1 Ke8 34. gxf4 Bb6 35. Ra6 Nc8 36. Nc6 Bc7 37. b4 1-0

[Event "Athens of East GM-Open 2019"]
[Site "Madurai"]
[Date "2019.08.11"]
[Round "1.19"]
[White "Avinash Ramesh"]
[Black "Om Kharola"]
[Result "1/2-1/2"]
[ECO "C54"]
[WhiteElo "1848"]
[BlackElo "2357"]
[Annotator "NA"]
[PlyCount "140"]
[EventDate "2019.08.11"]
[EventType "swiss"]
[EventCountry "IND"]
[SourceTitle "playchess.com"]
[Source "ChessBase"]
[SourceQuality "1"]
[TimeControl "5400+30"]

1. e4 e5 2. Nf3 Nc6 3. Bc4 Bc5 4. c3 Nf6 5. d3 a6 6. Bb3 Ba7 7. h3 h6 8. Nbd2 d6 9. Nf1 Ne7 10. Ng3 Ng6 11. Nf5 Bxf5 12. exf5 Ne7 13. g4 Qd7 14. Qe2 g6 15. fxg6 fxg6 16. g5 Nfd5 17. gxh6 Rf8 18. Bd2 Qc6 19. O-O-O Nxc3 20. bxc3 Rxf3 21. h7 Kd7 22. d4 Bxd4 23. Kb1 Ba7 24. Bg8 Rxg8 25. hxg8=Q Nxg8 26. Rhg1 Ne7 27. Be1 Qb5+ 28. Qxb5+ axb5 29. Rg3 Rf6 30. Rd2 Ke6 31. Kc1 c6 32. Kd1 Nd5 33. Ke2 e4 34. Rc2 Nf4+ 35. Kf1 d5 36. Rb2 Nd3 37. Re2 Kf7 38. Rd2 Ne5 39. Rc2 Bc5 40. Re2 Nd3 41. Rd2 Nf4 42. Rb2 Ba3 43. Rd2 Bd6 44. Rc2 Nd3 45. Rg2 Rf3 46. h4 Rh3 47. Bd2 Rxh4 48. Be3 Bc5 49. Bxc5 Nxc5 50. Rg1 Rh3 51. Rg3 Rh1+ 52. Rg1 Rxg1+ 53. Kxg1 Nd3 54. Kf1 Ke6 55. Ke2 Ke5 56. Rd2 c5 57. a3 d4 58. cxd4+ Kxd4 59. Rd1 c4 60. Rb1 c3 61. Kd1 Nxf2+ 62. Kc2 Nd3 63. Rg1 b4 64. axb4 Nxb4+ 65. Kb3 e3 66. Kxb4 e2 67. Kb3 Kd3 68. Rxg6 Kd2 69. Rd6+ Ke3 70. Re6+ Kd3 1/2-1/2

[Event "Athens of East GM-Open 2019"]
[Site "Madurai"]
[Date "2019.08.12"]
[Round "2.13"]
[White "Konguvel, Ponnuswamy"]
[Black "Gias Uddin, Ahmed"]
[Result "1-0"]
[ECO "B81"]
[WhiteElo "2343"]
[BlackElo "1984"]
[Annotator "ChessBase"]
[PlyCount "70"]
[EventDate "2019.08.11"]
[EventType "swiss"]
[EventCountry "IND"]
[SourceTitle "playchess.com"]
[Source "ChessBase"]
[SourceQuality "1"]
[TimeControl "5400+30"]

1. e4 c5 2. Nf3 d6 3. d4 cxd4 4. Nxd4 Nf6 5. Nc3 a6 6. h3 b5 7. g4 Bb7 8. Bg2 e6 9. g5 b4 10. gxf6 bxc3 11. fxg7 Bxg7 12. bxc3 Qc7 13. Bd2 Nd7 14. O-O Nc5 15. Re1 h5 16. Rb1 Bf6 17. Qf3 Be7 18. Qe2 O-O-O 19. Nb3 Rdg8 20. Nxc5 dxc5 21. Kh1 f5 22. Qf1 f4 23. Qc4 Rg6 24. Bf3 Bh4 25. Rg1 Rxg1+ 26. Rxg1 Qd6 27. Be1 Rh6 28. Rg8+ Bd8 29. Qd3 Qc7 30. e5 Bxf3+ 31. Qxf3 Rh7 32. Qa8+ Kd7 33. Qxa6 Be7 34. Qd3+ Kc6 35. Qxh7 Kd5 1-0

[Event "Athens of East GM-Open 2019"]
[Site "Madurai"]
[Date "2019.08.12"]
[Round "2.14"]
[White "Sooraj M R"]
[Black "Rajesh, V A V"]
[Result "*"]
[ECO "C27"]
[WhiteElo "1934"]
[BlackElo "2368"]
[Annotator "ChessBase"]
[PlyCount "50"]
[EventDate "2019.08.11"]
[EventType "swiss"]
[EventCountry "IND"]
[SourceTitle "playchess.com"]
[Source "ChessBase"]
[SourceQuality "1"]
[TimeControl "5400+30"]

1. e4 e5 2. Nc3 Nf6 3. Bc4 Bc5 4. d3 c6 5. Qf3 d6 6. Nge2 Be6 7. Be3 Bb4 8. a3 Ba5 9. Bxe6 fxe6 10. Qh3 Qe7 11. f4 Nbd7 12. O-O O-O 13. f5 exf5 14. Rxf5 Bb6 15. Bxb6 axb6 16. Raf1 Nc5 17. Qe3 b5 18. Ng3 g6 19. R5f3 Ne6 20. Nge2 Ng4 21. Rf6 Rf7 22. Rxf7 Rc8 23. Rf8+ Rxf8 24. Rf5 Rf7 25. Rxf7 Qf8 *

[Event "Athens of East GM-Open 2019"]
[Site "Madurai"]
[Date "2019.08.12"]
[Round "2.17"]
[White "Mohamed Anees M"]
[Black "Rathnakaran, K.."]
[Result "0-1"]
[ECO "A56"]
[WhiteElo "1846"]
[BlackElo "2344"]
[Annotator "ChessBase"]
[PlyCount "108"]
[EventDate "2019.08.11"]
[EventType "swiss"]
[EventCountry "IND"]
[SourceTitle "playchess.com"]
[Source "ChessBase"]
[SourceQuality "1"]
[TimeControl "5400+30"]

1. d4 Nf6 2. c4 c5 3. d5 e5 4. Nc3 d6 5. Qc2 Be7 6. e3 O-O 7. Nf3 Na6 8. a3 Nc7 9. Bd3 Rb8 10. O-O Bd7 11. Rd1 h6 12. h3 Nfe8 13. Bh7+ Kh8 14. Bf5 Bxf5 15. Qxf5 g6 16. Qc2 f5 17. b4 b6 18. Bb2 Bf6 19. Ne2 Ng7 20. Nh2 Qd7 21. Bc3 Na6 22. b5 Nc7 23. Qb2 Qe7 24. a4 g5 25. a5 Na8 26. axb6 Nxb6 27. Qb3 h5 28. f3 e4 29. f4 g4 30. hxg4 fxg4 31. Kf2 Kg8 32. g3 Rb7 33. Rg1 Nf5 34. Rac1 Nd7 35. Ra1 Qg7 36. Bxf6 Qxf6 37. Qc3 Qxc3 38. Nxc3 Nb6 39. Nxe4 Nxc4 40. Rgc1 Ncxe3 41. Nxd6 Nxd6 42. Kxe3 Re8+ 43. Kd3 Rxb5 44. Nf1 Rb3+ 45. Kc2 c4 46. Re1 Reb8 47. Re6 Nb5 48. Rg6+ Kf7 49. Rh6 Nd4+ 50. Kc1 Rc3+ 51. Kd1 Rd3+ 52. Nd2 c3 53. Rxa7+ Kg8 54. Rg6+ Kf8 0-1

[Event "Athens of East GM-Open 2019"]
[Site "Madurai"]
[Date "2019.08.12"]
[Round "2.18"]
[White "Shreyash Shuvam Patnaik"]
[Black "Kunal, M.."]
[Result "0-1"]
[ECO "B13"]
[WhiteElo "1885"]
[BlackElo "2306"]
[Annotator "ChessBase"]
[PlyCount "64"]
[EventDate "2019.08.11"]
[EventType "swiss"]
[EventCountry "IND"]
[SourceTitle "playchess.com"]
[Source "ChessBase"]
[SourceQuality "1"]
[TimeControl "5400+30"]

1. e4 c6 2. d4 d5 3. exd5 cxd5 4. c4 Nf6 5. Nc3 Nc6 6. Bg5 Be6 7. Nf3 g6 8. Bxf6 exf6 9. c5 Bg7 10. Bb5 O-O 11. Bxc6 bxc6 12. O-O Bg4 13. h3 Bxf3 14. Qxf3 f5 15. Rfd1 Rb8 16. Rab1 Qa5 17. a3 Rb3 18. Rd3 Qa6 19. Qd1 Rfb8 20. Rd2 h5 21. Na2 Bh6 22. Rc2 Qb5 23. Nb4 a5 24. Rc3 Rxc3 25. bxc3 Qb7 26. Qa4 axb4 27. Rb2 b3 28. Rxb3 Ra8 29. Rb4 Qe7 30. Qb3 Kg7 31. Rb8 Bd2 32. Kf1 Qe1# {[%emt 0:01:22] g3 Qe4 Kg1 Rxb8 Qxb8 Bxc3 Qb7 Bxd4} 0-1